 Dungeon Crawl Stone Soup version 0.18.1-50-g88ac8fd (webtiles) character file.

58 roflturtle the Shield-Bearer (level 4, -1/35 HPs)
             Began as a Formicid Fighter on Nov 26, 2016.
             Succumbed to an adder's poison
             ... on level 2 of the Dungeon.
             The game lasted 00:04:41 (1513 turns).

roflturtle the Shield-Bearer (Formicid Fighter)     Turns: 1513, Time: 00:04:41

Health: -1/35      AC:  6    Str: 21    XL:     4   Next: 20%
Magic:  4/4        EV:  8    Int: 12    God:
Gold:   62         SH: 10    Dex: 11    Spells: 0 memorised, 3 levels left

rFire  . . .     SeeInvis +     a - +0 long sword
rCold  . . .     Gourm    .     b - +0 scale mail
rNeg   . . .     Faith    .     c - +0 shield
rPois  .         Spirit   .     (helmet unavailable)
rElec  .         Dismiss  .     (no cloak)
rCorr  .         Reflect  .     (no gloves)
SustAt .         Harm     .     (no boots)
MR     .....                    (no amulet)
Stlth  ..........               (no ring)
                                (no ring)

@: brilliant, lethally poisoned (-1 -> -17), not resistant to hostile
enchantments, extremely unstealthy
A: permanent stasis, dig shafts and tunnels, four strong arms, antennae 3
a: Dig, Shaft Self


You were on level 2 of the Dungeon.
You were not hungry.

You visited 1 branch of the dungeon, and saw 2 of its levels.

You collected 62 gold pieces.

Inventory:

Hand Weapons
 a - a +0 long sword (weapon)
 r - a +0 hunting sling
Missiles
 i - 4 tomahawks (quivered)
Armour
 b - a +0 scale mail (worn)
 c - a +0 shield (worn)
Jewellery
 j - an uncursed ring of positive energy {unknown}
Scrolls
 e - a scroll of noise {unknown}
 l - a scroll of blinking {unknown}
 p - 2 scrolls of amnesia {unknown}
Potions
 d - a potion of might
 k - a potion of lignification {unknown}
 o - a potion of flight {unknown}
 q - a potion of curing {unknown}
Comestibles
 f - 4 bread rations
 g - 3 chunks of flesh
 h - a meat ration
 m - a slice of pizza


   Skills:
 - Level 3.2 Fighting
 + Level 3.0 Long Blades
 - Level 3.2 Armour
 - Level 5.0 Shields


You had 3 spell levels left.
You didn't know any spells.

Dungeon Overview and Level Annotations

Branches:
Dungeon (2/15)

Altars:
Elyvilon
Gozag
Nemelex Xobeh
Zin
The Shining One

Annotations:
D:2 Robin


Innate Abilities, Weirdness & Mutations

You are under a permanent stasis effect.
You can dig through walls and to a lower floor.
Your four strong arms can wield two-handed weapons with a shield.
You have a pair of large antennae on your head (SInv).


Message History

The adder is heavily wounded.
You feel sick. You block the adder's attack.
The adder bites you but does no damage.
You closely miss the adder.
The adder is heavily wounded.
You feel sick. The adder bites you.
* * * LOW HITPOINT WARNING * * *
The adder bites you.
* * * LOW HITPOINT WARNING * * *
You are more poisoned.
The adder poisons you!
You barely miss the adder.
The adder is heavily wounded.
* * * LOW HITPOINT WARNING * * *
You feel sick. The adder bites you.
* * * LOW HITPOINT WARNING * * *
Drink which item? (? for menu, Esc to quit)
It was a potion of brilliance.
You feel clever all of a sudden.
You die...

#.##..##...#
#.#8..8#...#
##......'###
#...>...#
##8..8#.#
##..##.#
#...##'##.
###.#...... .
#@Sg#......
..#####g#......
g{.{..{{.......
.......(.##'##'
.{...{.(.......
.....{...##....
.........# ...
.........# ..
####...... #


You could see an adder and 2 goblins.

Vanquished Creatures
  An adder (D:2)
  An ooze (D:1)
  2 dart slugs (D:1)
  2 giant geckos (D:1)
  3 giant cockroaches
  7 goblins
  7 hobgoblins
  A quokka (D:2)
  2 bats
  3 giant newts
  3 kobolds
  3 rats
35 creatures vanquished.

Notes
Turn   | Place    | Note
--------------------------------------------------------------
     0 | D:1      | roflturtle the Formicid Fighter began the quest for the Orb.
     0 | D:1      | Reached XP level 1. HP: 18/18 MP: 1/1
    86 | D:1      | Reached skill level 4 in Shields
    95 | D:1      | Reached XP level 2. HP: 24/24 MP: 2/2
   535 | D:1      | Reached XP level 3. HP: 29/29 MP: 3/3
   597 | D:1      | Reached skill level 5 in Shields
   809 | D:2      | Found a sparkling altar of Nemelex Xobeh.
   810 | D:2      | Found an opulent altar of Gozag.
   959 | D:2      | Found a white marble altar of Elyvilon.
   959 | D:2      | Found a glowing silver altar of Zin.
   959 | D:2      | Found a glowing golden altar of the Shining One.
  1270 | D:2      | Reached XP level 4. HP: 32/35 MP: 4/4
  1501 | D:2      | Noticed Robin
  1512 | D:2      | HP: 1/35 [adder (3)]
  1513 | D:2      | Succumbed to an adder's poison

Skill      XL: |  1  2  3  4 |
---------------+-------------+-----
Shields        | 4 5 |  5.0
Long Blades    | 3 |  3.0
Fighting       | |  3.2
Armour         | |  3.2

Action                   |  1- 3 |  4- 6 || total
-------------------------+-------+-------++-------
Melee: Long sword        |    97 |    37 ||   134
 Abil: Dig               |       |     1 ||     1
  Use: Potion            |       |     1 ||     1
  Eat: Chunk             |     1 |     1 ||     2
Armor: Scale mail        |    32 |    15 ||    47
Dodge: Dodged            |    27 |     4 ||    31
Block: Shield            |    59 |    29 ||    88
